 Dungeon Crawl Stone Soup version 0.31.0-11-ge490571c62 (webtiles) character file.

Game seed: 8462811046418546917

1523 ChrisTheSkald the Ruffian (level 8, -3/57 HPs)
             Began as a Human Shapeshifter on Jan 28, 2024.
             Was an Elder of Wu Jian.
             Slain by an orc warrior
             ... wielding a +0 glaive
              (11 damage)
             ... in a bailey.
             The game lasted 00:27:14 (5975 turns).

ChrisTheSkald the Ruffian (Human Shapeshifter)      Turns: 5975, Time: 00:27:15

Health: -3/57      AC:  4    Str: 15    XL:     8   Next: 84%
Magic:  2/10       EV: 13    Int: 13    God:    Wu Jian [****..]
Gold:   178        SH:  0    Dex: 12    Spells: 4/10 levels left

rFire   . . .        q - +4 great sword (freeze)
rCold   . . .        (shield currently unavailable)
rNeg    + . .        s - +2 robe {rN+}
rPois   .            (helmet currently unavailable)
rElec   .            (cloak currently unavailable)
rCorr   .            (gloves currently unavailable)
SInv    .            (boots currently unavailable)
Will    .....        (no amulet)
Stlth   ++           e - ring of fire
HPRegen 0.29/turn    v - ring of ice
MPRegen 0.12/turn

%: no passive effects
@: beast-form, very slightly contaminated, slowed, studying Air Magic, very slow
A: beast (slay +2), explore regen
a: Begin Untransformation, Renounce Religion, Wall Jump, Serpent's Lash


You were in a bailey.
You worshipped Wu Jian.
Wu Jian was greatly pleased with you.
You were a hulking beast.
You visited 1 branch of the dungeon, and saw 8 of its levels.
You also visited: Bailey.

You collected 258 gold pieces.
You spent 80 gold pieces at shops.

Inventory:

Hand Weapons
 k - a +2 short sword of protection
 q - a +4 great sword of freezing (weapon)
Missiles
 i - a datura-tipped dart (quivered)
 p - a throwing net
Armour
 a - a +0 animal skin
 s - a +2 robe of positive energy (worn)
Jewellery
 e - a ring of fire (left hand)
 v - a ring of ice (right hand)
Talismans
 c - a beast talisman (active)
 d - a flux talisman
Wands
 g - a wand of polymorph (28)
 l - a wand of paralysis (1)
 o - a wand of flame (17)
 u - a wand of mindburst (4)
Scrolls
 b - a scroll of enchant weapon
 r - a scroll of fog
 x - a scroll of immolation
Potions
 h - a potion of invisibility {unknown}
 j - 2 potions of enlightenment {unknown}
 m - 2 potions of curing
 n - a potion of berserk rage {unknown}
 t - a potion of degeneration {unknown}
 w - a potion of resistance {unknown}
 z - a potion of attraction {unknown}


   Skills:
 * Level 2.5 Fighting
 - Level 4.1 Short Blades
 * Level 0.3(2.5) Long Blades
 * Level 2.5 Throwing
 * Level 2.7 Armour
 * Level 3.6 Dodging
 * Level 3.6 Stealth
 * Level 4.4 Unarmed Combat
 * Level 1.6 Spellcasting
 * Level 2.0 Hexes
 * Level 1.8 Fire Magic
 * Level 2.6 Air Magic
 * Level 2.3 Evocations
 * Level 4.1 Shapeshifting


You had 4 spell levels left.
You knew the following spells:

 Your Spells              Type           Power      Damage    Failure   Level
a - Inner Flame           Hex/Fire       9%         N/A       34%         3
b - Tukima's Dance        Hex            6%         N/A       34%         3

Your spell library contained the following spells:

 Spells                   Type           Power      Damage    Failure   Level
 Flame Wave               Conj/Fire      5%         2d5       87%         4
 Sticky Flame             Fire/Alch      5%         2d4       87%         4
 Passage of Golubria      Tloc           1%         N/A       95%         4
 Yara's Violent Unravell  Hex/Alch       1%         3d3       99%         5


Dungeon Overview and Level Annotations

Branches:
Dungeon (9/15)             Temple (0/1) D:6          Bailey (1/1)
   Lair: D:8-11         Orc: D:9-12

Altars:
Gozag
Kikubaaqudgha
Ru
Wu Jian

Shops:
D:1 *(:   D:4 [


Innate Abilities, Weirdness & Mutations

You are a hulking beast.
Your limbs bulge with bestial killing power. (Slay +2)
You regain HP and MP as you explore.


Message History

The orc warrior shouts!
The orc warrior resists with some effort.
Unknown command.
Casting: Tukima's Dance (dangerous; 34% risk of failure)
Confirm with . or Enter, or press ? or * to list all spells.
Aiming: Tukima's Dance (dangerous; 34% risk of failure)
Press: ? - help, Shift-Dir - straight line, f/p - orc warrior
Aim: an orc warrior, wielding a +0 glaive and wearing a +0 chain mail (chance to affect: 39%)
You miscast Tukima's Dance.
You are very lightly contaminated with residual magic.
The light around you dims momentarily.
You feel yourself slow down.
The orc warrior hits you from afar with a +0 glaive!
Casting: Tukima's Dance (dangerous; 34% risk of failure)
Confirm with . or Enter, or press ? or * to list all spells.
Aiming: Tukima's Dance (dangerous; 34% risk of failure)
Press: ? - help, Shift-Dir - straight line, f/p - orc warrior
Aim: an orc warrior, wielding a +0 glaive and wearing a +0 chain mail (chance to affect: 39%)
The orc warrior resists with some effort.
The orc warrior hits you from afar with a +0 glaive.
You lunge at the orc warrior.
You slash the orc warrior! You freeze the orc warrior.
The orc warrior is severely wounded.
The orc warrior closely misses you.
The orc warrior hits you with a +0 glaive!
You hit the orc warrior but do no damage.
The orc warrior is severely wounded.
The orc warrior hits you with a +0 glaive!!
* * * LOW HITPOINT WARNING * * *
The orc warrior barely misses you.
Unknown command.
You feel much better.
The orc warrior hits you with a +0 glaive!
The orc warrior hits you with a +0 glaive!!
* * * LOW HITPOINT WARNING * * *
Unknown command.
Okay, then.
Okay, then.
You feel better.
The orc warrior hits you with a +0 glaive!
You die...

# # #. .#
#..########..#
##...8.)..8...#
###..............
##.#$.####''####.$ ♣
#..####...o....####..≈≈
#.........h.........≈≈≈
#♣....♣............≈≈≈≈
♣♣♣♣...#.)).#...≈≈≈≈≈≈
♣≈≈≈≈≈#..).#≈≈≈≈≈≈≈≈≈
≈≈≈≈≈≈≈#....#≈≈≈≈≈≈≈♣♣
≈≈≈≈≈≈≈#....#≈≈≈≈≈≈.♣
≈≈≈≈≈≈≈#.)[.#≈≈≈≈...♣
#≈≈≈....#....#......♣♣
≈................


You could see an orc warrior.

Vanquished Creatures
  A yak (D:5)
  Duvessa (D:6)
  A sky beast (D:6)
  An orc warrior (Bailey)
  An ogre (D:5)
  A phantom (D:5)
  A bullfrog (D:6)
  A scorpion (D:4)
  2 wights (D:8)
  A killer bee (D:5)
  A howler monkey (D:5)
  An orc priest (D:4)
  A bombardier beetle (D:5)
  3 hounds
  2 jellies
  An iguana (D:5)
  An orc wizard (D:3)
  3 gnolls (D:5)
  5 adders
  4 dart slugs
  A ribbon worm (D:3)
  23 orcs
  13 ball pythons
  5 bats
  11 endoplasms
  3 giant cockroaches
  12 goblins
  13 hobgoblins
  12 jackals
  3 quokkas
  6 frilled lizards
  9 kobolds
  3 rats
147 creatures vanquished.

Vanquished Creatures (collateral kills)
  A phantom (D:5)
  Dowan (D:6)
  A dart slug (D:3)
  2 orcs (D:3)
  An endoplasm (D:3)
  A goblin (D:5)
  A quokka (D:3)
  A ball python (D:5)
  A frilled lizard (D:3)
  4 kobolds (D:2)
  A rat (D:2)
15 creatures vanquished.

Vanquished Creatures (others)
  An adder (D:3)
  An orc (D:4)
2 creatures vanquished.

Grand Total: 164 creatures vanquished

Notes
Turn   | Place    | Note
-------+----------+-------------------------------------------
     0 | D:1      | ChrisTheSkald the Human Shapeshifter began the quest for
                  | the Orb.
     0 | D:1      | Reached XP level 1. HP: 15/15 MP: 1/1
   131 | D:1      | Found Hughod's Weapon Shop.
   157 | D:1      | Reached XP level 2. HP: 21/21 MP: 2/2
   801 | D:2      | Reached XP level 3. HP: 26/26 MP: 3/3
   912 | D:3      | Found a faded altar of an unknown god.
   912 | D:3      | Noticed a ynoxinul
   924 | D:3      | Prayed at the altar of an unknown god.
   924 | D:3      | Became a worshipper of the Wu Jian Council
   924 | D:3      | Reached * piety under Wu Jian
  1070 | D:3      | Reached skill level 1 in Throwing
  1070 | D:3      | Reached XP level 4. HP: 30/32 MP: 4/4
  1212 | D:3      | Reached skill level 1 in Armour
  1274 | D:3      | Reached skill level 1 in Stealth
  1281 | D:3      | Reached ** piety under Wu Jian
  1318 | D:3      | Reached skill level 1 in Evocations
  1366 | D:3      | Found an ancient bone altar of Kikubaaqudgha.
  1579 | D:3      | Reached skill level 1 in Short Blades
  1937 | D:2      | Reached XP level 5. HP: 32/37 MP: 5/5
  2502 | D:1      | Found Imobb's Book Shoppe.
  2734 | D:1      | Reached *** piety under Wu Jian
  2919 | D:1      | Found Cehonilu's General Store.
  2925 | D:1      | Bought a scroll of teleportation for 30 gold pieces
  2925 | D:1      | Bought a potion of heal wounds for 50 gold pieces
  3339 | D:4      | Reached XP level 6. HP: 43/43 MP: 6/6
  3608 | D:4      | Found Boseyh's Antique Armour Shop.
  3613 | D:4      | Learned a level 3 spell: Inner Flame
  3789 | D:4      | Found an opulent altar of Gozag.
  4158 | D:5      | Entered Level 5 of the Dungeon
  4290 | D:5      | Found a sacrificial altar of Ru.
  4309 | D:5      | Reached XP level 7. HP: 38/49 MP: 7/7
  4440 | D:5      | Reached skill level 1 in Air Magic
  4498 | D:5      | Reached skill level 1 in Hexes
  4589 | D:5      | Found an ornate altar of the Wu Jian Council.
  4613 | D:5      | Reached skill level 1 in Spellcasting
  4628 | D:5      | Learned a level 3 spell: Tukima's Dance
  4636 | D:5      | Noticed Ijyb
  4642 | D:5      | Ijyb changed into Ijyb the adder
  4642 | D:5      | Noticed Ijyb
  4650 | D:5      | Killed Ijyb the adder
  4791 | D:5      | Reached skill level 1 in Fire Magic
  5014 | D:5      | Noticed a yak
  5041 | D:5      | Killed a yak
  5042 | D:5      | Reached XP level 8. HP: 37/56 MP: 9/9
  5223 | D:6      | Noticed Duvessa
  5223 | D:6      | Noticed Dowan
  5233 | D:6      | Killed Dowan
  5262 | D:6      | Killed Duvessa
  5402 | D:6      | Found a staircase to the Ecumenical Temple.
  5434 | D:6      | Reached **** piety under Wu Jian
  5656 | D:6      | You fall into a shaft and drop 3 floors!
  5721 | D:9      | Noticed a troll
  5721 | D:9      | Noticed a two-headed ogre
  5801 | D:8      | Found a flagged portal.
  5811 | Bailey   | Entered a bailey
  5975 | Bailey   | Slain by an orc warrior

Illustrated notes

Levels and vault maps discovered:
D:1:      dpeg_arrival_pits, layout_loops_ring, serial_shops,
          nicolae_shop_tiny_statue_garden, nicolae_shop_back_alley_shop,
          nicolae_square_shop
D:2:      cheibrodos_greedy_goblins, layout_basic, minmay_misc_feat_rows,
          lexackson_kobold_supper
D:3:      minmay_octagon_keep, layout_basic, kiku_gazebo_garden_becter,
          dreamdust_ecumenical_altar_sealed_demon
D:4:      layout_loops_ring, kennysheep_mini_moat, serial_shops, shop,
          grunt_ministairs_14
D:5:      kennysheep_big_flooded_room, layout_cave_pools,
          nicolae_ru_great_annihilating_truth, mainiacjoe_overflow_boulevard,
          serial_column_ruins, column_ruins_columns_straight,
          column_ruins_grid_2, column_ruins_grid_1, column_ruins_columns_corner,
          column_ruins_corridor_water, uniq_ijyb
D:6:      minmay_chambers_of_sixes, layout_rooms, temple_hall,
          serial_library_hellmonk_room_a, uniq_duvessa
D:8:      layout_basic, enter_bailey_2, uniq_jeremiah
D:9:      layout_roguey, grunt_lair_entry_orc_guard_hut
Bailey:   bailey_polearm_elven_captive_hellmonk, bailey

Skill      XL: |  1  2  3  4  5  6  7  8 |
---------------+-------------------------+-----
Throwing       | 1 2 |  2.5
Armour         | 1 2 |  2.7
Stealth        | 1 2 3 |  3.6
Evocations     | 1 2 |  2.3
Short Blades   | 1 2 3 4 |  4.1
Dodging        | 3 |  3.6
Air Magic      | 1 2 |  2.6
Fighting       | 2 |  2.5
Unarmed Combat | 4 |  4.4
Hexes          | 1 2 |  2.0
Spellcasting   | 1 |  1.6
Fire Magic     | 1 |  1.8
Shapeshifting  | 4 |  4.1
Long Blades    | |  0.3

Action                     |  1- 3 |  4- 6 |  7- 9 || total
---------------------------+-------+-------+-------++-------
  Melee: Unarmed           |    22 |       |       ||    22
         Punch             |     2 |     4 |     6 ||    12
         Short sword       |    23 |   342 |   183 ||   548
         Great sword       |       |       |    13 ||    13
  Throw: Boomerang         |    29 |       |       ||    29
         Dart              |     1 |     6 |     1 ||     8
   Cast: Tukima's Dance    |       |       |     4 ||     4
 Invoke: Serpent's Lash    |       |     1 |     3 ||     4
Ability: Whirlwind         |     3 |    32 |    13 ||    48
         Lunge             |     2 |    20 |    10 ||    32
         Wall Jump         |       |    19 |     2 ||    21
  Evoke: Wand              |       |     2 |    15 ||    17
    Use: Scroll            |     2 |     7 |     4 ||    13
         Potion            |       |       |     7 ||     7
   Stab: Sleeping          |       |     7 |     1 ||     8
         Paralysed         |       |     4 |     8 ||    12
 Armour: Animal skin       |    22 |   178 |    52 ||   252
         Skin              |       |       |     4 ||     4
         Robe              |       |       |    32 ||    32
  Dodge: Dodged            |    16 |   166 |    89 ||   271
   Form: Beast             |       |     1 |     1 ||     2
                           |       |     1 |       ||     1
